 Dungeon Crawl Stone Soup version 0.22.0-38-g04b72b8c25 (webtiles) character file.

78 Flugkiller the Conjurer (level 4, 0/24 HPs)
             Began as a Tengu Conjurer on Aug 26, 2018.
             Killed from afar by an orc wizard (5 damage)
             ... with a magic dart
             ... on level 3 of the Dungeon.
             The game lasted 00:02:38 (1989 turns).

Flugkiller the Conjurer (Tengu Conjurer)            Turns: 1989, Time: 00:02:39

Health: 0/24       AC:  2    Str:  9    XL:     4   Next: 36%
Magic:  7/9        EV: 12    Int: 16    God:
Gold:   92         SH:  0    Dex: 14    Spells: 6/9 levels left

rFire    . . .     SeeInvis .   (no weapon)
rCold    . . .     Gourm    .   (no shield)
rNeg     . . .     Faith    .   a - +0 robe
rPois    .         Spirit   .   (helmet restricted)
rElec    .         Reflect  .   (no cloak)
rCorr    .         Harm     .   (no gloves)
MR       .....                  (boots unavailable)
Stlth    ++........             (no amulet)
HPRegen  0.08/turn              (no ring)
MPRegen  0.11/turn              (no ring)

@: no status effects
A: beak, talons 3
a: no special abilities


You were on level 3 of the Dungeon.
You were not hungry.

You visited 1 branch of the dungeon, and saw 3 of its levels.

You collected 92 gold pieces.

Inventory:

Armour
 a - a +0 robe (worn)
 g - a +0 buckler
Jewellery
 h - a cursed -2 ring of intelligence {unknown}
 i - an uncursed amulet of harm {unknown}
Scrolls
 b - 4 scrolls of identify {unknown}
 e - 3 scrolls of remove curse {unknown}
 k - a scroll of immolation {unknown}
Potions
 d - 2 potions of agility {unknown}
 j - a potion of heal wounds {unknown}
Comestibles
 c - 3 rations
 f - a chunk of flesh


   Skills:
 - Level 2.1 Dodging
 - Level 2.0 Stealth
 + Level 3.2 Spellcasting
 + Level 6.5 Conjurations


You had 6 spell levels left.
You knew the following spells:

 Your Spells              Type           Power        Failure   Level  Hunger
a - Magic Dart            Conj           ###.         1%          1    None
b - Searing Ray           Conj           ###...       1%          2    ##.....

Your spell library contained the following spells:

 Spells                   Type           Power        Failure   Level  Hunger
 Iskenderun's Mystic Bla  Conj           ###.....     12%         4    ####...
 Dazzling Spray           Conj/Hex       ##....       14%         3    ###....
 Force Lance              Conj/Tloc      ##......     43%         4    ####...
 Fulminant Prism          Conj/Hex       ##........   43%         4    ####...


Dungeon Overview and Level Annotations

Branches:
Dungeon (3/15)

Altars:
Yredelemnul


Innate Abilities, Weirdness & Mutations

You have a beak for a mouth.
You have claws for feet.


Message History

Deactivating autopickup; reactivate with Ctrl-A.
Casting: Magic Dart (safe; 1% risk of failure)
Confirm with . or Enter, or press ? or * to list all spells.
You can't see any susceptible monsters within range! (Use Z to cast anyway.)
An orc and an orc wizard come into view.
The orc wizard is wielding a dagger of distortion.
The orc shouts!
A worm comes into view.
The orc wizard casts a spell at you. The magic dart hits you!
Something tries to affect you, but you resist.
Something tries to affect you, but you resist.
The orc wizard casts a spell at you. The magic dart hits you!
A magic dart appears from out of thin air!
The magic dart hits you!
* * * LOW HITPOINT WARNING * * *
The orc wizard points at you and mumbles some strange words.
The magic dart hits you!
You die...

#...........# #.#
#.....{.....# #.#
#.......##### #.#
#......o# #.#
#......o# ####.#
#.......# #....#
+.......# #.####
#......o########.#
###.....o....@...#
################


You could see an orc wizard and an orc.

Vanquished Creatures
  2 adders
  A dart slug (D:1)
  A leopard gecko (D:1)
  2 orcs (D:3)
  5 goblins
  8 hobgoblins
  12 jackals
  3 kobolds
  A ball python (D:2)
  7 bats
  5 frilled lizards
  4 rats (D:2)
51 creatures vanquished.

Notes
Turn   | Place    | Note
-------+----------+-------------------------------------------
     0 | D:1      | Flugkiller the Tengu Conjurer began the quest for the Orb.
     0 | D:1      | Reached XP level 1. HP: 10/10 MP: 4/4
   155 | D:1      | Reached XP level 2. HP: 15/15 MP: 3/6
   552 | D:1      | You fall through a shaft!
   565 | D:2      | Reached XP level 3. HP: 18/19 MP: 1/7
   580 | D:2      | Learned a level 2 spell: Searing Ray
   664 | D:2      | Reached skill level 6 in Conjurations
  1277 | D:2      | Found a basalt altar of Yredelemnul.
  1378 | D:2      | Reached XP level 4. HP: 24/24 MP: 1/9
  1989 | D:3      | Killed from afar by an orc wizard

Skill      XL: |  1  2  3 |
---------------+----------+-----
Conjurations   | 6 |  6.5
Spellcasting   | 3 |  3.2
Dodging        | |  2.1
Stealth        | |  2.0

Action                   |  1- 3 |  4- 6 || total
-------------------------+-------+-------++-------
Melee: Unarmed           |     2 |     7 ||     9
       Kick              |     1 |     1 ||     2
 Cast: Magic Dart        |    72 |    21 ||    93
       Searing Ray       |     2 |       ||     2
  Use: Potion            |     1 |       ||     1
  Eat: Chunk             |     1 |     3 ||     4
Armor: Robe              |     5 |     2 ||     7
Dodge: Dodged            |    21 |    10 ||    31
